MLB
TEXAS RANGERS @ LOS ANGELES ANGELS
04/18/2099
 
TOP OF THE 1ST
Texas Rangers batting - Pitching for Los Angeles Angels : RHP Nick Dixon
Pitching: RHP Nick Dixon
Batting: SHB Luis Chavez 0-0: Ball
1-0: Swinging Strike
1-1: Ball
2-1: Ball
3-1: Fly out, F5 (Popup, 56S, EV 70.6 MPH)
Batting: RHB Chris Patrick 0-0: SINGLE (Line Drive, 6D, EV 94.4 MPH)
Batting: LHB Simeone DeVito 0-0: Ball
1-0: Ball
2-0: Called Strike
2-1: Swinging Strike
2-2: Foul Ball, location: 2F
2-2: Strikes out looking
Batting: LHB Charlie Gagne 0-0: Called Strike
0-1: Foul Ball, location: 7LDF
0-2: SINGLE (Groundball, 6MD, EV 94.4 MPH)
Chris Patrick to second
Runner from 2nd tries for 3rd, SAFE, throw by CF made to third
Batting: LHB Nick Gunnels 0-0: Fly out, F3 (Line Drive, 3L, EV 61.9 MPH)
Top of the 1st over - 0 runs, 2 hits, 0 errors, 2 left on base; Texas 0 - Los Angeles 0
BOTTOM OF THE 1ST
Los Angeles Angels batting - Pitching for Texas Rangers : RHP Bernie Gallegos
Pitching: RHP Bernie Gallegos
Batting: LHB Trevor Martz 0-0: Called Strike
0-1: Swinging Strike
0-2: Ball
1-2: Ground out U3 (Groundball, 13, EV 90.6 MPH)
Batting: RHB Edgar Pirir 0-0: Foul Ball, location: 2F
0-1: Ball
1-1: Ball
2-1: SINGLE (Line Drive, 56D, EV 100.6 MPH)
Batting: LHB Matt Evans 0-0: Swinging Strike
0-1: Ball
1-1: Foul Ball, location: 3F
1-2: Ball
2-2: Ball
3-2: Base on Balls
Edgar Pirir to second
Batting: RHB Jimmy Powell 0-0: Ball
1-0: Foul Ball, location: 2F
1-1: 3-RUN HOME RUN (Line Drive, 7D, EV 101.3 MPH), Distance : 385 ft
Batting: LHB Roger Adkins 0-0: Ball
1-0: Fly out, F7 (Flyball, 78S, EV 85.6 MPH)
Batting: RHB Fethi Yazîcîzâde 0-0: Ball
1-0: Ball
2-0: Foul Ball, location: 3F
2-1: Ground out 5-3 (Groundball, 5S, EV 77.5 MPH)
Bottom of the 1st over - 3 runs, 2 hits, 0 errors, 0 left on base; Texas 0 - Los Angeles 3
TOP OF THE 2ND
Texas Rangers batting - Pitching for Los Angeles Angels : RHP Nick Dixon
Pitching: LHP Juan Montes
Batting: RHB Jason Hartel 0-0: Fly out, F8 (Flyball, 8RD, EV 98.1 MPH)
Batting: RHB Kevin Hock 0-0: Foul Ball, location: 3F
0-1: Fly out, F4 (Popup, 4M, EV 63.1 MPH)
Batting: LHB Scott Spencer 0-0: Swinging Strike
0-1: Ball
1-1: Ball
2-1: Called Strike
2-2: SINGLE (Groundball, 6MD, EV 105.0 MPH)
Batting: RHB Raul Camacho 0-0: Ball
1-0: Ball
2-0: Fly out, F7 (Line Drive, 7, EV 90.6 MPH)
Top of the 2nd over - 0 runs, 1 hit, 0 errors, 1 left on base; Texas 0 - Los Angeles 3
BOTTOM OF THE 2ND
Los Angeles Angels batting - Pitching for Texas Rangers : RHP Bernie Gallegos
Batting: LHB Jim Matthews 0-0: Swinging Strike
0-1: Fly out, F6 (Popup, 6S, EV 78.8 MPH)
Batting: RHB Xavier Montes 0-0: Called Strike
0-1: Ball
1-1: Ball
2-1: Swinging Strike
2-2: Foul Ball, location: 3F
2-2: Strikes out swinging
Batting: RHB Nicolas Montecino 0-0: Fly out, F4 (Line Drive, 4D, EV 61.9 MPH)
Bottom of the 2nd over - 0 runs, 0 hits, 0 errors, 0 left on base; Texas 0 - Los Angeles 3
TOP OF THE 3RD
Texas Rangers batting - Pitching for Los Angeles Angels : LHP Juan Montes
Batting: SHB Luis Chavez 0-0: Ground out 4-3 (Groundball, 4, EV 86.3 MPH)
Batting: RHB Chris Patrick 0-0: Called Strike
0-1: SINGLE (Line Drive, 8RS, EV 86.9 MPH)
Batting: LHB Simeone DeVito 0-0: Swinging Strike
0-1: Ball
1-1: SINGLE (Line Drive, 4M, EV 97.5 MPH)
Chris Patrick to second
Batting: LHB Charlie Gagne 0-0: Ball
1-0: Foul Ball, location: 5FF
1-1: Swinging Strike
1-2: Ball
2-2: Grounds into double play, 5-4-3 (Groundball, 56S, EV 86.3 MPH)
Top of the 3rd over - 0 runs, 2 hits, 0 errors, 1 left on base; Texas 0 - Los Angeles 3
BOTTOM OF THE 3RD
Los Angeles Angels batting - Pitching for Texas Rangers : RHP Bernie Gallegos
Batting: LHB Trevor Martz 0-0: Ball
1-0: Called Strike
1-1: Ball
2-1: Ball
3-1: Swinging Strike
3-2: Base on Balls
Batting: RHB Edgar Pirir 0-0: Ball
1-0: Fly out, F7 (Flyball, 78S, EV 89.4 MPH)
Batting: LHB Matt Evans 0-0: Fly out, F9 (Flyball, 89D, EV 85.6 MPH)
Batting: RHB Jimmy Powell 0-0: Called Strike
0-1: Foul Ball, location: 2RF
0-2: Fly out, F7 (Flyball, 7D, EV 106.3 MPH)
Bottom of the 3rd over - 0 runs, 0 hits, 0 errors, 1 left on base; Texas 0 - Los Angeles 3
TOP OF THE 4TH
Texas Rangers batting - Pitching for Los Angeles Angels : LHP Juan Montes
Batting: LHB Nick Gunnels 0-0: Ball
1-0: Ball
2-0: SINGLE (Flyball, 8LS, EV 99.4 MPH)
Batting: RHB Jason Hartel 0-0: Called Strike
0-1: Ball
1-1: Called Strike
1-2: Fielders Choice at 2nd, 6-4 (Groundball, 6, EV 80.0 MPH)
Batting: RHB Kevin Hock 0-0: Called Strike
0-1: Ball
1-1: Foul Ball, location: 2F
1-2: Ball
2-2: Strikes out swinging
Batting: LHB Scott Spencer 0-0: Called Strike
0-1: Ball
1-1: Ball
2-1: Foul Ball, location: 3SF
2-2: Fly out, F5 (Popup, 56S, EV 83.1 MPH)
Top of the 4th over - 0 runs, 1 hit, 0 errors, 1 left on base; Texas 0 - Los Angeles 3
BOTTOM OF THE 4TH
Los Angeles Angels batting - Pitching for Texas Rangers : RHP Bernie Gallegos
Batting: LHB Roger Adkins 0-0: Ball
1-0: SINGLE (Line Drive, 89S, EV 84.4 MPH)
Batting: RHB Fethi Yazîcîzâde 0-0: Called Strike
0-1: Ball
1-1: Ball
Wild Pitch!
Roger Adkins to second
2-1: Foul Ball, location: 2F
2-2: Ball
3-2: Ground out 5-3 (Groundball, 56S, EV 86.9 MPH)
Batting: LHB Jim Matthews 0-0: Called Strike
0-1: Foul Ball, location: 3F
0-2: Ball
1-2: Ground out 5-3 (Groundball, 56, EV 96.9 MPH)
Batting: RHB Xavier Montes 0-0: Ground out 1-3 (Groundball, 25, EV 68.8 MPH)
Bottom of the 4th over - 0 runs, 1 hit, 0 errors, 1 left on base; Texas 0 - Los Angeles 3
TOP OF THE 5TH
Texas Rangers batting - Pitching for Los Angeles Angels : LHP Juan Montes
Batting: RHB Raul Camacho 0-0: Called Strike
0-1: SINGLE (Groundball, 4M, EV 83.8 MPH)
Batting: SHB Luis Chavez 0-0: Ball
1-0: Called Strike
1-1: Called Strike
1-2: Strikes out looking
Batting: RHB Chris Patrick 0-0: Ball
1-0: Called Strike
1-1: Ball
2-1: Foul Ball, location: 5F
2-2: Strikes out looking
Batting: LHB Simeone DeVito 0-0: Swinging Strike
0-1: Fly out, F7 (Flyball, 7D, EV 106.9 MPH)
Top of the 5th over - 0 runs, 1 hit, 0 errors, 1 left on base; Texas 0 - Los Angeles 3
BOTTOM OF THE 5TH
Los Angeles Angels batting - Pitching for Texas Rangers : RHP Bernie Gallegos
Batting: RHB Nicolas Montecino 0-0: Ball
1-0: Ground out 4-3 (Groundball, 4S, EV 80.6 MPH)
Batting: LHB Trevor Martz 0-0: Called Strike
0-1: Ball
1-1: Ball
2-1: SINGLE (Flyball, 5D, EV 96.3 MPH)
Batting: RHB Edgar Pirir 0-0: Foul Ball, location: 9LMF
0-1: Ball
1-1: Foul Ball, location: 3F
1-2: Ball
2-2: Foul Ball, location: 9LDF
2-2: Strikes out swinging
Batting: LHB Matt Evans 0-0: Fly out, F8 (Line Drive, 8LM, EV 75.6 MPH)
Bottom of the 5th over - 0 runs, 1 hit, 0 errors, 1 left on base; Texas 0 - Los Angeles 3
TOP OF THE 6TH
Texas Rangers batting - Pitching for Los Angeles Angels : LHP Juan Montes
Batting: LHB Charlie Gagne 0-0: Ball
1-0: Ball
2-0: Called Strike
2-1: Swinging Strike
2-2: Strikes out swinging, 2-3 out at first.
Batting: LHB Nick Gunnels 0-0: Ball
1-0: Ball
2-0: DOUBLE (Flyball, 8RD, EV 91.9 MPH)
Batting: RHB Jason Hartel 0-0: Called Strike
0-1: Called Strike
0-2: Ball
1-2: Foul Ball, location: 9LMF
1-2: Foul Ball, location: 3FF
1-2: Ball
2-2: Ball
3-2: SINGLE (Line Drive, 89M, EV 94.4 MPH)
Nick Gunnels to third
Batting: RHB Kevin Hock 0-0: Reached on error, E5 (Groundball, 6S, EV 73.8 MPH)
Nick Gunnels scores
Jason Hartel to second
Batting: LHB Scott Spencer 0-0: Fly out, F7 (Line Drive, 7S, EV 93.8 MPH)
Batting: RHB Raul Camacho 0-0: Ground out 4-3 (Groundball, 4, EV 81.3 MPH)
Top of the 6th over - 1 run, 2 hits, 1 error, 2 left on base; Texas 1 - Los Angeles 3
BOTTOM OF THE 6TH
Los Angeles Angels batting - Pitching for Texas Rangers : RHP Bernie Gallegos
Batting: RHB Jimmy Powell 0-0: Called Strike
0-1: Ball
1-1: Swinging Strike
1-2: Ball
2-2: Foul Ball, location: 25F
2-2: Foul Ball, location: 25FF
2-2: Foul Ball, location: 2F
2-2: Ground out 4-3 (Groundball, 4MD, EV 98.1 MPH)
Batting: LHB Roger Adkins 0-0: Called Strike
0-1: Foul Ball, location: 2F
0-2: Ball
1-2: Foul Ball, location: 25F
1-2: Strikes out looking
Batting: RHB Fethi Yazîcîzâde 0-0: Ball
1-0: Swinging Strike
1-1: Called Strike
1-2: Ball
2-2: Ball
3-2: Strikes out swinging
Bottom of the 6th over - 0 runs, 0 hits, 0 errors, 0 left on base; Texas 1 - Los Angeles 3
TOP OF THE 7TH
Texas Rangers batting - Pitching for Los Angeles Angels : LHP Juan Montes
Batting: SHB Luis Chavez 0-0: Ground out 4-3 (Groundball, 4, EV 87.5 MPH)
Batting: RHB Chris Patrick 0-0: Ball
1-0: Foul Ball, location: 2F
1-1: Ball
2-1: Called Strike
2-2: Foul Ball, location: 9LSF
2-2: Ball
3-2: Foul Ball, location: 25F
3-2: Ground out 6-3 (Groundball, 6, EV 99.4 MPH)
Batting: LHB Simeone DeVito 0-0: Ball
1-0: Foul Ball, location: 2F
1-1: Ball
2-1: Swinging Strike
2-2: Ball
3-2: Foul Ball, location: 7LDF
3-2: Fly out, F5 (Popup, 56, EV 57.5 MPH)
Top of the 7th over - 0 runs, 0 hits, 0 errors, 0 left on base; Texas 1 - Los Angeles 3
BOTTOM OF THE 7TH
Los Angeles Angels batting - Pitching for Texas Rangers : RHP Bernie Gallegos
Pitching: RHP Steve Sullivan
Batting: LHB Jim Matthews 0-0: Swinging Strike
0-1: Ball
1-1: Fly out, F7 (Flyball, 7LM, EV 83.1 MPH)
Batting: RHB Xavier Montes 0-0: Foul Ball, location: 2F
0-1: Swinging Strike
0-2: Ball
1-2: Strikes out looking
Batting: RHB Nicolas Montecino 0-0: Called Strike
0-1: Swinging Strike
0-2: Ball
1-2: Strikes out swinging
Bottom of the 7th over - 0 runs, 0 hits, 0 errors, 0 left on base; Texas 1 - Los Angeles 3
TOP OF THE 8TH
Texas Rangers batting - Pitching for Los Angeles Angels : LHP Juan Montes
Now in CF: Justin Manns
Now in RF: Jim Matthews
Batting: LHB Charlie Gagne 0-0: Ball
1-0: Foul Ball, location: 7LDF
1-1: Ball
2-1: Ground out 5-3 (Groundball, 56, EV 95.0 MPH)
Pinch Hitting: RHB Travis Huffman 0-0: Called Strike
0-1: Ball
1-1: Swinging Strike
1-2: SOLO HOME RUN (Flyball, 7LD, EV 93.1 MPH), Distance : 348 ft
Batting: RHB Jason Hartel 0-0: Called Strike
0-1: Called Strike
0-2: Ball
1-2: Ball
2-2: Foul Ball, location: 3FF
2-2: Foul Ball, location: 9LDF
2-2: Ball
3-2: Foul Ball, location: 7LMF
3-2: Base on Balls
Batting: RHB Kevin Hock 0-0: Single, Error in OF, E7, batter to second base (Line Drive, 7S, EV 105.6 MPH)
Jason Hartel to third
Pinch Hitting: RHB Josh Mehl 0-0: SINGLE (Groundball, 4M, EV 92.5 MPH)
Jason Hartel scores
Kevin Hock to third
Runner from 3rd tries for Home, SAFE, throw by CF to home
Batting: RHB Raul Camacho 0-0: Ball
1-0: Swinging Strike
1-1: SINGLE (Line Drive, 34D, EV 96.9 MPH)
Josh Mehl to second
Runner from 2nd tries for 3rd, SAFE, no throw by RF
Pitching: RHP Randy Lamb
Batting: SHB Luis Chavez 0-0: SINGLE (Line Drive, 9S, EV 106.3 MPH)
Josh Mehl scores
Raul Camacho to second
Batting: RHB Chris Patrick 0-0: Called Strike
0-1: Swinging Strike
0-2: Strikes out swinging
Batting: LHB Simeone DeVito 0-0: Foul Ball, location: 7LMF
0-1: Called Strike
0-2: Fly out, F7 (Flyball, 7S, EV 72.5 MPH)
Top of the 8th over - 4 runs, 5 hits, 1 error, 2 left on base; Texas 5 - Los Angeles 3
BOTTOM OF THE 8TH
Los Angeles Angels batting - Pitching for Texas Rangers : RHP Steve Sullivan
Now at SS: Josh Mehl
Now in LF: Jose Cano
Batting: LHB Trevor Martz 0-0: Fly out, F9 (Line Drive, 9S, EV 85.0 MPH)
Batting: LHB Justin Manns 0-0: Ball
1-0: Fly out, F7 (Flyball, 7S, EV 95.0 MPH)
Batting: LHB Matt Evans 0-0: Ball
1-0: Ball
2-0: Called Strike
2-1: Ball
3-1: Base on Balls
Batting: RHB Jimmy Powell 0-0: Called Strike
0-1: Ball
1-1: Ball
2-1: Called Strike
2-2: Fly out, F9 (Flyball, 9LD, EV 89.4 MPH)
Bottom of the 8th over - 0 runs, 0 hits, 0 errors, 1 left on base; Texas 5 - Los Angeles 3
TOP OF THE 9TH
Texas Rangers batting - Pitching for Los Angeles Angels : RHP Randy Lamb
Pitching: LHP David Soriano
Batting: LHB Charlie Gagne 0-0: SINGLE (Line Drive, 78S, EV 109.4 MPH)
Batting: RHB Jose Cano 0-0: Ball
1-0: Ball
2-0: Called Strike
2-1: Fly out, F7 (Line Drive, 7S, EV 91.3 MPH)
Batting: RHB Jason Hartel 0-0: Ball
1-0: Foul Ball, location: 2F
1-1: Swinging Strike
1-2: Strikes out looking
Batting: RHB Kevin Hock 0-0: Ball
1-0: Called Strike
1-1: Foul Ball, location: 25FF
1-2: Strikes out looking
Top of the 9th over - 0 runs, 1 hit, 0 errors, 1 left on base; Texas 5 - Los Angeles 3
BOTTOM OF THE 9TH
Los Angeles Angels batting - Pitching for Texas Rangers : RHP Steve Sullivan
Pitching: RHP Aaron Aycock
Batting: LHB Roger Adkins 0-0: Fly out, F8 (Flyball, 8LM, EV 81.9 MPH)
Pinch Hitting: LHB Matt Davis 0-0: Ball
1-0: Ball
2-0: Fly out, F9 (Flyball, 9, EV 94.4 MPH)
Batting: LHB Jim Matthews 0-0: Swinging Strike
0-1: Ball
1-1: SINGLE (Line Drive, 6D, EV 101.3 MPH)
Batting: RHB Xavier Montes 0-0: Ball
1-0: Fielders Choice at 2nd, 5-4 (Groundball, 56, EV 85.6 MPH)
Bottom of the 9th over - 0 runs, 1 hit, 0 errors, 1 left on base; Texas 5 - Los Angeles 3
Friday, May 3rd , 2024 - OOTP Baseball 24.11 Build 85